 Dungeon Crawl Stone Soup version 0.28.0-45-g0d030f2227 (webtiles) character file.

Game seed: 8687432985411056419

7 Kenran the Skirmisher (level 1, -3/19 HPs)
             Began as a Palentonga Fighter on Apr 24, 2022.
             Succumbed to a kobold's poison
             ... on level 1 of the Dungeon.
             The game lasted 00:00:30 (41 turns).

Kenran the Skirmisher (Palentonga Fighter)            Turns: 41, Time: 00:00:31

Health: -3/19      AC:  6    Str: 19    XL:     1   Next: 83%
Magic:  1/1        EV:  7    Int:  8    God:
Gold:   0          SH:  4    Dex:  9    Spells: 0/0 levels left

rFire   . . .      SeeInvis +   a - +0 trident
rCold   . . .      Faith    .   c - +0 buckler
rNeg    . . .      Spirit   .   b - +0 scale mail
rPois   .          Reflect  .   (no helmet)
rElec   .          Harm     .   (no cloak)
rCorr   .          Rampage  .   (no gloves)
Will    .....                   (no barding)
Stlth   ..........              (no amulet)
HPRegen 0.06/turn               (no ring)
MPRegen 0.07/turn               (no ring)

@: lethally poisoned (-3 -> -21)
A: large, rugged brown scales 3, see invisible, deformed body, roll 1, armoured
tail
a: Rolling Charge


You were on level 1 of the Dungeon.
You visited 1 branch of the dungeon, and saw 1 of its levels.

Inventory:

Hand Weapons
 a - a +0 trident (weapon)
Armour
 b - a +0 scale mail (worn)
 c - a +0 buckler (worn)
Potions
 d - a potion of might


   Skills:
 + Level 3.1 Fighting
 * Level 2.1 Polearms
 + Level 2.5 Armour
 - Level 2.4 Shields


You couldn't memorise any spells.
You didn't know any spells.
Your spell library was empty.

Dungeon Overview and Level Annotations

Branches:
Dungeon (1/15)

Altars:


Innate Abilities, Weirdness & Mutations

You are completely covered in rugged brown scales. (AC +3, +7% HP)
You have supernaturally acute eyesight. (SInv)
Armour fits poorly on your strangely shaped body.
You can roll at nearby foes to attack.
You have a long armoured tail.


Message History

You puncture the dart slug!
You kill the dart slug!
No target in view!
Found a stone staircase leading down.
There is a stone staircase leading down here.
A kobold comes into view. It is wielding a +1 dagger of venom.
The kobold shouts!
A hobgoblin comes into view.
You hit the kobold.
You tail-slap the kobold, but do no damage.
The kobold is severely wounded.
The kobold hits you with a +1 dagger of venom.
You are poisoned.
You block the kobold's attack.
You barely miss the kobold.
The kobold is moderately wounded.
You feel sick.
The kobold hits you with a +1 dagger of venom.
You are lethally poisoned!
The hobgoblin barely misses you.
You closely miss the kobold. You tail-slap the kobold.
The kobold is severely wounded.
You feel very sick.
The kobold hits you with a +1 dagger of venom.
You are more poisoned.
The hobgoblin hits you but does no damage.
You are too injured to fight recklessly!
You are too injured to fight recklessly!
You are too injured to fight recklessly!
You are too injured to fight recklessly!
Unknown command.
You closely miss the kobold.
The kobold is severely wounded.
* * * LOW HITPOINT WARNING * * *
You feel very sick. The kobold hits you but does no damage.
You block the hobgoblin's attack.
Okay, then.
You puncture the kobold!
You kill the kobold!
You die...

#....##..#
#....##..#.....
####.<..##..#.....##
..).....##..#......##
............#.#..#... ##
####........#.#..#.##...
#....##..#..........#
#....##..#...)g.#....
##.####..#...@.......
...# #†.......#.....
#..# #..#..>..# ...
#..#.....# . #..##....#
#..##....# #..##....#
#..##....# #..##>...#


You could see a hobgoblin.

Vanquished Creatures
  2 dart slugs (D:1)
  An endoplasm (D:1)
  A kobold (D:1)
4 creatures vanquished.

Notes
Turn   | Place    | Note
-------+----------+-------------------------------------------
     0 | D:1      | Kenran the Palentonga Fighter began the quest for the Orb.
     0 | D:1      | Reached XP level 1. HP: 19/19 MP: 1/1
    41 | D:1      | Succumbed to a kobold's poison

Illustrated notes

Levels and vault maps discovered:
D:1:      dpeg_arrival_boxes_within_box, layout_rooms,
          shapermc_ecumenical_altar_petra, serial_shops, shop,
          minmay_misc_feat_cross, minivault_26

Skill      XL: |  1 |
---------------+----+-----
Polearms       | 2 |  2.1
Fighting       | |  3.1
Armour         | |  2.5
Shields        | |  2.4

Action                   || total
-------------------------++-------
Melee: Trident           ||     8
       Tailslap          ||     4
Armor: Scale mail        ||     2
Dodge: Dodged            ||     1
Block: Buckler           ||     2
